 Dungeon Crawl Stone Soup version 0.31-a0-700-gf13585253f (webtiles) character file.

Game seed: 78830599328127894

39 qw the Shooter (level 3, -2/22 HPs)
             Began as a Gargoyle Hunter on Sept 7, 2023.
             Slain by a gnoll
             ... wielding a +0 club
              (3 damage)
             ... on level 2 of the Dungeon.
             The game lasted 00:00:24 (1034 turns).

qw the Shooter (Gargoyle Hunter)                    Turns: 1034, Time: 00:00:25

Health: -2/22      AC:  8    Str: 14    XL:     3   Next: 47%
Magic:  3/3        EV: 11    Int:  9    God:
Gold:   74         SH:  0    Dex: 15    Spells: 2/2 levels left

rFire   + + .        Y - +0 shortbow
rCold   . . .        (shield currently unavailable)
rNeg    + . .        c - +0 leather armour
rPois   inf          a - +1 hat of Submission {Rampage rPois rF++ Stlth-}
rElec   +            n - +0 cloak
rCorr   .            (no gloves)
SInv    .            (no boots)
Will    .....        (no amulet)
Stlth   +            (no ring)
HPRegen 0.23/turn    (no ring)
MPRegen 0.08/turn

%: rampage
@: no status effects
A: sickness immunity, AC +3, negative energy resistance 1, electricity
resistance, torment resistance 1, petrification resistance
a: no special abilities


You were on level 2 of the Dungeon.
You visited 1 branch of the dungeon, and saw 2 of its levels.

You collected 74 gold pieces.


Innate Abilities, Weirdness & Mutations

You are immune to sickness and miasma.
Your stone body is resilient. (AC +3)
You are immune to poison.
You resist negative energy. (rN+)
You are resistant to electric shocks. (rElec)
You are resistant to unholy torment.
You are immune to petrification.


   Skills:
 + Level 2.6 Fighting
 - Level 5.0 Ranged Weapons
 - Level 1.5 Dodging
 - Level 1.1 Stealth


You had 2 spell levels left.
You didn't know any spells.
Your spell library was empty.

Inventory:

Hand Weapons
 Y - a +0 shortbow (weapon)
Armour
 a - the +1 hat of Submission (worn) {Rampage rPois rF++ Stlth-}
   (You acquired it on level 1 of the Dungeon)

   rF++:      It greatly protects you from fire.
   rPois:     It protects you from poison Rampage: It bestows one free step when
   moving towards enemies.
   Stlth-:    It makes you less stealthy.
 c - a +0 leather armour (worn)
 n - a +0 cloak (worn)
Potions
 e - a potion of might {unknown}
 k - a potion of brilliance {unknown}
 l - a potion of cancellation {unknown}
 m - a potion of degeneration {unknown}

Dungeon Overview and Level Annotations

Branches:
Dungeon (2/15)

Altars:


Message History

What level of the Dungeon? (default 1, ? - help)
You feel your willpower return.
There is a stone staircase leading down here.
You climb downwards.
There is a stone staircase leading up here.
Waypoint 1 assigned to D:2.
A gnoll comes into view. It is wielding a +0 spear.
The gnoll shouts!
You hear a shout!
A gnoll comes into view. It is wielding a +0 flail.
A gnoll comes into view. It is wielding a +0 club.
1025 |||
Found retreat position at 0,-1 (floor) with 0 blocking monsters and 1 monsters attacking at destination at distance 1 x2
1025 ||| RETREATING.
1027 |||
Found retreat position at 0,-1 (floor) with 0 blocking monsters and 1 monsters attacking at destination at distance 1
1027 ||| Stepping ~*~*~tactically~*~*~ (retreating).
You shoot an arrow. The arrow hits the gnoll.
The gnoll is lightly wounded.
The gnoll hits you from afar with a +0 spear.
You shoot an arrow. The arrow barely misses the gnoll.
You hear a shout!
The gnoll closely misses you.
You hear a shout!
You shoot an arrow.
The arrow hits the gnoll but does no damage.
The gnoll hits you but does no damage.
You shoot an arrow. The arrow hits the gnoll.
The gnoll is lightly wounded.
The gnoll hits you from afar with a +0 spear!
The gnoll hits you but does no damage. The gnoll closely misses you.
You shoot an arrow. The arrow hits the gnoll.
The gnoll is heavily wounded.
A gnoll comes into view. It is wielding a +0 whip.
The gnoll hits you from afar with a +0 spear.
The gnoll hits you with a +0 club.
You shoot an arrow. The arrow barely misses the gnoll.
The gnoll shouts!
The gnoll hits you but does no damage.
The gnoll hits you from afar with a +0 spear.
You shoot an arrow. The arrow barely misses the gnoll. x2
The gnoll hits you but does no damage. The gnoll hits you with a +0 club.
You die...

############
.......<...#
.....#####@#
.## #g#
#gg.g.g..
..g......
########..


You could see 4 gnolls.

Vanquished Creatures
  A dart slug (D:1)
  2 bats (D:1)
  2 endoplasms (D:1)
  2 giant cockroaches (D:1)
  2 goblins (D:1)
  5 hobgoblins (D:1)
  4 jackals (D:1)
  4 quokkas (D:1)
  2 ball pythons (D:1)
  5 frilled lizards (D:1)
  A kobold (D:1)
  4 rats (D:1)
34 creatures vanquished.

Notes
Turn   | Place    | Note
-------+----------+-------------------------------------------
     0 | D:1      | qw the Gargoyle Hunter began the quest for the Orb.
     0 | D:1      | Reached XP level 1. HP: 12/12 MP: 1/1
     0 | D:1      | 0 ||| qw: Version: 0.3-a-76-g4403597
     0 | D:1      | 0 ||| qw: Game counter: 678
     0 | D:1      | 0 ||| qw: Melee chars always use a shield: true
     0 | D:1      | 0 ||| qw: God list: Okawaru
     0 | D:1      | 0 ||| qw: Allow faded altars: false
     0 | D:1      | 0 ||| qw: Do Orc after clearing Dungeon:15 true
     0 | D:1      | 0 ||| qw: Do second Lair branch before Depths: true
     0 | D:1      | 0 ||| qw: Lair rune preference: random
     0 | D:1      | 0 ||| qw: Goals: Normal
     0 | D:1      | 0 ||| PLANNING D:1-11
    39 | D:1      | Reached XP level 2. HP: 17/17 MP: 2/2
   328 | D:1      | Reached XP level 3. HP: 21/21 MP: 3/3
   346 | D:1      | Reached skill level 5 in Ranged Weapons
   732 | D:1      | Found a faded altar of an unknown god.
   975 | D:1      | 975 ||| UPGRADING to +0 cloak.
   980 | D:1      | 980 ||| READING scroll labelled DIHEDA WETUQ.
   981 | D:1      | 981 ||| READING scroll labelled OFFUME ETHEQ.
   981 | D:1      | Identified a scroll of acquirement
   981 | D:1      | 981 ||| ACQUIRING +1 hat of Submission {Rampage rPois rF++
                  | Stlth-}
   981 | D:1      | Acquired the +1 hat of Submission {Rampage rPois rF++
                  | Stlth-}
   983 | D:1      | 983 ||| UPGRADING to +1 hat of Submission {Rampage rPois
                  | rF++ Stlth-}.
   988 | D:1      | 988 ||| READING scroll labelled POHEIRGH OCIOW.
   989 | D:1      | 989 ||| READING 2 scrolls labelled WEFFOF MEFF.
   990 | D:1      | 990 ||| READING scroll labelled JIW MEMMUTUBB.
   991 | D:1      | 991 ||| DRINKING 2 fuming red potions.
   995 | D:1      | 995 ||| DROPPING scroll of butterflies.
   996 | D:1      | 996 ||| DROPPING potion of ambrosia.
   997 | D:1      | 997 ||| DROPPING scroll of blinking.
  1025 | D:2      | 1025 ||| RETREATING.
  1027 | D:2      | 1027 ||| Stepping ~*~*~tactically~*~*~ (retreating).
  1032 | D:2      | HP: 4/22 [gnoll/+0 club (4)]
  1033 | D:2      | HP: 1/22 [gnoll/+0 spear (3)]
  1034 | D:2      | Slain by a gnoll

Levels and vault maps discovered:
D:1:      amcnicky_arrival_double_pillar, layout_basic,
          shapermc_ecumenical_altar_hornbeckon, nrook_campfire,
          minmay_lizard_pond
D:2:      layout_loops_ring, st_stairs_13, serial_bayou_pond_a, minmay_puff

Skill      XL: |  1  2  3 |
---------------+----------+-----
Ranged Weapons | 5 |  5.0
Fighting       | |  2.6
Dodging        | |  1.5
Stealth        | |  1.1

Action                     || total
---------------------------++-------
   Fire: Shortbow          ||    85
    Use: Scroll            ||     5
         Potion            ||     1
 Armour: Leather armour    ||    19
  Dodge: Dodged            ||     9

Table legend:
 A = Non-vault XP
 B = Vault XP
 C = Vault XP percentage of total XP
 D = Non-vault monster count
 E = Vault monster count
 F = Vault count percentage of total count
                 A         B        C        D         E       F
            +---------+---------+-------+---------+---------+-------
      Total |      54 |       3 |   5.3 |      31 |       3 |   8.8
            +---------+---------+-------+---------+---------+-------
        D:1 |      54 |       3 |   5.3 |      31 |       3 |   8.8
            +---------+---------+-------+---------+---------+-------
